 Dungeon Crawl Stone Soup version 0.20.1-1-g8b1a95d (webtiles) character file.

4032 poxvuibr the Thaumaturge (level 10, -12/50 HPs)
             Began as a Deep Elf Wizard on Sept 15, 2017.
             Was an Elder of Vehumet.
             Mangled by a two-headed ogre
             ... wielding a cursed -3 giant spiked club
              (19 damage)
             ... on level 9 of the Dungeon.
             The game lasted 01:11:29 (11151 turns).

poxvuibr the Thaumaturge (Deep Elf Wizard)         Turns: 11151, Time: 01:11:31

Health: -12/50     AC:  9    Str:  2    XL:     10   Next: 4%
Magic:  27/36      EV: 11    Int: 27    God:    Vehumet [****..]
Gold:   493        SH:  0    Dex: 13    Spells: 24/31 levels left

rFire    . . .     SeeInvis .   H - +0 whip (freeze)
rCold    . . .     Gourm    +   (no shield)
rNeg     + . .     Faith    .   P - +3 leather armour {rN+}
rPois    .         Spirit   .   q - +0 helmet
rElec    .         Reflect  .   i - +0 cloak
rCorr    .         Harm     .   p - +0 pair of gloves
MR       +....                  (no boots)
Stlth    ++........             h - amulet of the gourmand
Regen    0.2/turn               g - -2 ring of strength (curse)
MPRegen  0.3/turn               O - ring of magical power

@: about to teleport
A: no striking features
a: Renounce Religion


You were on level 9 of the Dungeon.
You worshipped Vehumet.
Vehumet was greatly pleased with you.
You were very full.

You visited 1 branch of the dungeon, and saw 9 of its levels.

You collected 493 gold pieces.

Inventory:

Hand Weapons
 k - a +3 whip
 o - a +1 dagger of venom
 v - a cursed +0 blowgun
 H - a +0 whip of freezing (weapon)
 I - a +0 shortbow
Missiles
 J - 17 arrows
Armour
 a - a +0 robe
 b - a +0 hat
 i - a +0 cloak (worn)
 j - a cursed +0 ring mail
 n - a cursed +0 robe
 p - a +0 pair of gloves (worn)
 q - a +0 helmet (worn)
 M - a +2 robe of cold resistance
 P - a +3 leather armour of positive energy (worn)
Jewellery
 e - an uncursed ring of loudness
 g - a cursed -2 ring of strength (left hand)
 h - an amulet of the gourmand (around neck)
 r - a +2 amulet of reflection
 s - a +6 ring of dexterity
 u - an uncursed ring of see invisible
 O - a ring of magical power (right hand)
Wands
 K - a wand of polymorph (11/24)
 Q - a wand of lightning (7/15)
Scrolls
 w - 2 scrolls of amnesia
 y - 2 scrolls of noise
 z - 2 scrolls of random uselessness
 B - a scroll of remove curse
 C - 2 scrolls of recharging
 D - a scroll of blinking
 E - 2 scrolls of fog
 G - a scroll of teleportation
 L - a scroll of magic mapping {unknown}
 N - a scroll of identify
Potions
 f - 3 potions of brilliance
 l - a potion of might
 t - a potion of curing
 F - a potion of mutation
Books
 c - a book of Minor Magic

   Spells                             Type                      Level
   a - Magic Dart                     Conjuration                  1
   b - Blink                          Translocation                2
   c - Call Imp                       Summoning                    2
   d - Slow                           Hexes                        2
   e - Conjure Flame                  Conjuration/Fire             3
   f - Mephitic Cloud                 Conjuration/Poison/Air       3
Comestibles
 d - 8 bread rations
 m - a fruit
 x - 5 royal jellies
 A - 5 meat rations


   Skills:
 - Level 2.4 Dodging
 - Level 2.4 Stealth
 + Level 11.0 Spellcasting
 + Level 8.8 Conjurations
   Level 1.1 Summonings
   Level 1.1 Translocations
 * Level 10.0 Fire Magic


You had 24 spell levels left.
You knew the following spells:

 Your Spells              Type           Power        Failure   Level  Hunger
a - Conjure Flame         Conj/Fire      ######..     1%          3    None
b - Mephitic Cloud        Conj/Pois/Air  ####....     2%          3    None
z - Magic Dart            Conj           ####         1%          1    None


Dungeon Overview and Level Annotations

Branches:
Dungeon (9/15)             Temple (0/1) D:7            Lair (0/6) D:8
    Orc: D:9-12

Altars:
Fedhas
Kikubaaqudgha
Makhleb
Okawaru
Vehumet
Yredelemnul

Annotations:
D:3 Edmund


Message History

Press: ? - help, Shift-Dir - straight line, f/p - two-headed ogre
Aim: a two-headed ogre, wielding two giant spiked clubs (flame, lightly wounded)
The magic dart hits the two-headed ogre.
The two-headed ogre is moderately wounded.
The two-headed ogre is engulfed in blazing flames.
The two-headed ogre hits you with a giant spiked club!
The two-headed ogre hits you with a giant spiked club.
Casting: Magic Dart
Confirm with . or Enter, or press ? or * to list all spells.
Aiming: Magic Dart
Press: ? - help, Shift-Dir - straight line, f/p - two-headed ogre
Aim: a two-headed ogre, wielding two giant spiked clubs (flame, moderately wounded)
Okay, then.
As you read the scroll of teleportation, it crumbles to dust.
You feel strangely unstable.
The two-headed ogre is engulfed in blazing flames.
The two-headed ogre hits you with a giant spiked club!
* * * LOW HITPOINT WARNING * * *
The two-headed ogre hits you with a giant spiked club!!
You die...

.... #..# #..#
#..## #########...#
#..%........## ##+#
#.......#
#...###O###......#
.#......@#<#...##.#
...........#.)..#
.#.....##.#.)?.#
#.....####....#
....##### ..>..
#... ..o... #..


You could see a two-headed ogre.

Vanquished Creatures
  Pikel (D:7)
  A hippogriff (D:7)
  A yak (D:7)
  3 hogs (D:7)
  A human (D:7)
  A water moccasin (D:6)
  A black bear (D:4)
  2 sky beasts
  2 orc warriors (D:7)
  An ice beast (D:5)
  2 slaves (D:7)
  2 phantoms (D:5)
  2 centaurs
  5 ogres
  2 bullfrogs
  A wyvern zombie (D:7)
  2 vampire bats (D:5)
  3 crimson imps
  A bullfrog zombie (D:6)
  3 orc priests
  3 jellies
  3 bullfrog skeletons
  5 hounds
  4 orc wizards
  A centaur skeleton (D:3)
  3 iguanas
  2 worker ants
  A hound zombie (D:5)
  A worker ant zombie (D:6)
  4 gnolls (D:5)
  10 adders
  2 shadow imps
  An ooze (D:1)
  6 worms
  5 dart slugs
  10 leopard geckos
  36 orcs
  6 bats
  3 bat skeletons (D:5)
  4 bat zombies (D:5)
  3 giant cockroaches (D:3)
  9 goblins
  5 hobgoblins
  14 jackals
  3 quokkas (D:6)
  A ball python (D:1)
  5 frilled lizards
  10 kobolds
  A leopard gecko skeleton (D:4)
  A quokka skeleton (D:5)
  A quokka zombie (D:6)
  9 rats
209 creatures vanquished.

Vanquished Creatures (others)
  2 slaves (D:7)
2 creatures vanquished.

Grand Total: 211 creatures vanquished

Notes
Turn   | Place    | Note
-------+----------+-------------------------------------------
     0 | D:1      | poxvuibr the Deep Elf Wizard began the quest for the Orb.
     0 | D:1      | Reached XP level 1. HP: 10/10 MP: 7/7
   375 | D:1      | Reached XP level 2. HP: 15/15 MP: 7/9
   483 | D:1      | Reached skill level 5 in Spellcasting
  1158 | D:1      | Reached XP level 3. HP: 19/19 MP: 9/11
  1163 | D:1      | Learned a level 3 spell: Conjure Flame
  1856 | D:3      | Found a basalt altar of Yredelemnul.
  1874 | D:3      | Reached XP level 4. HP: 18/24 MP: 0/13
  1907 | D:3      | Reached skill level 6 in Spellcasting
  2063 | D:3      | Found a blossoming altar of Fedhas.
  2063 | D:3      | Found a radiant altar of Vehumet.
  2067 | D:3      | Became a worshipper of Vehumet
  2287 | D:3      | Reached XP level 5. HP: 28/28 MP: 5/15
  3132 | D:4      | Noticed an ogre
  3152 | D:4      | Killed an ogre
  3152 | D:4      | Reached skill level 7 in Spellcasting
  3152 | D:4      | Reached XP level 6. HP: 32/32 MP: 9/18
  3157 | D:4      | Learned a level 3 spell: Mephitic Cloud
  3402 | D:4      | Noticed Edmund
  3451 | D:5      | Entered Level 5 of the Dungeon
  3474 | D:5      | Reached * piety under Vehumet
  3474 | D:5      | Offered knowledge of Sandblast by Vehumet.
  3689 | D:4      | Reached skill level 5 in Conjurations
  3766 | D:4      | Reached skill level 1 in Fire Magic
  4618 | D:4      | Reached XP level 7. HP: 36/36 MP: 17/20
  5138 | D:5      | Reached skill level 8 in Spellcasting
  5614 | D:5      | Offered knowledge of Throw Flame by Vehumet.
  5744 | D:5      | Reached ** piety under Vehumet
  5953 | D:5      | Reached skill level 5 in Fire Magic
  6066 | D:5      | Found a burning altar of Makhleb.
  6175 | D:5      | Reached XP level 8. HP: 41/41 MP: 12/22
  6561 | D:5      | Found an ancient bone altar of Kikubaaqudgha.
  6769 | D:5      | Reached skill level 9 in Spellcasting
  6961 | D:6      | Offered knowledge of Ignite Poison by Vehumet.
  7428 | D:6      | Reached *** piety under Vehumet
  7451 | D:6      | Found an iron altar of Okawaru.
  8244 | D:7      | Noticed Pikel
  8456 | D:7      | Reached XP level 9. HP: 33/45 MP: 4/24
  8747 | D:7      | Offered knowledge of Dazzling Spray by Vehumet.
  9054 | D:7      | Reached skill level 10 in Spellcasting
  9864 | D:7      | Found a staircase to the Ecumenical Temple.
 10154 | D:7      | Killed Pikel
 10465 | D:8      | Reached XP level 10. HP: 46/50 MP: 13/26
 10480 | D:8      | Reached skill level 10 in Fire Magic
 10618 | D:8      | Found a staircase to the Lair.
 10727 | D:8      | Reached **** piety under Vehumet
 10759 | D:8      | Reached skill level 11 in Spellcasting
 11140 | D:9      | Noticed a two-headed ogre
 11140 | D:9      | Offered knowledge of Yara's Violent Unravelling by Vehumet.
 11151 | D:9      | Mangled by a two-headed ogre

Skill      XL: |  1  2  3  4  5  6  7  8  9 10 |
---------------+-------------------------------+-----
Spellcasting   | 5 6 7 8 9 10 11 | 11.0
Conjurations   | 2 3 4 5 6 7 8 |  8.8
Fire Magic     | 2 5 7 9 10 | 10.0
Dodging        | |  2.4
Stealth        | |  2.4
Summonings     | |  1.1
Translocations | |  1.1

Action                   |  1- 3 |  4- 6 |  7- 9 | 10-12 || total
-------------------------+-------+-------+-------+-------++-------
Melee: Whip              |     2 |    15 |       |       ||    17
 Cast: Magic Dart        |   105 |   177 |   487 |    51 ||   820
       Conjure Flame     |     1 |     8 |    37 |     2 ||    48
       Mephitic Cloud    |       |       |     8 |     7 ||    15
Evoke: Wand              |       |       |     1 |       ||     1
  Use: Scroll            |     2 |     5 |     7 |     1 ||    15
       Potion            |       |     1 |     2 |       ||     3
  Eat: Chunk             |     4 |     9 |    24 |     1 ||    38
Armor: Robe              |     5 |    18 |    23 |     1 ||    47
Dodge: Dodged            |    13 |    29 |    55 |     3 ||   100
